 Dungeon Sprint DCSS version 0.19.5 (webtiles) character file.

267 Wilfredo the Slicer (level 6, 0/48 HPs)
             Began as a Vampire Gladiator on Apr 30, 2017.
             Slain by a slime creature (16 damage)
             ... in the Dungeon (Sprint I: "Red Sonja").
             The game lasted 00:03:38 (288 turns).

Wilfredo the Slicer (Vampire Gladiator)              Turns: 288, Time: 00:03:38

Health: 0/48       AC:  4    Str: 15    XL:     6   Next: 0%
Magic:  6/6        EV: 17    Int: 11    God:
Gold:   162        SH:  0    Dex: 15    Spells: 0 memorised, 5 levels left

rFire  . . .     SeeInvis +     a - +0 rapier
rCold  . . .     Gourm    .     b - +0 leather armour
rNeg   + . .     Faith    .     (no shield)
rPois  .         Spirit   .     c - +0 helmet
rElec  .         Reflect  .     (no cloak)
rCorr  .         Harm     .     (no gloves)
MR     .....     NoTele   +     (no boots)
Stlth  +.........               (no amulet)
                                (no ring)
                                (no ring)

@: no status effects
A: fangs 3, see invisible, unbreathing
a: Bat Form


You were in the Dungeon.
You were not thirsty.

You visited 1 branch You collected 162 gold pieces.

Inventory:

Hand Weapons
 a - a +0 rapier (weapon)
Missiles
 d - a throwing net (quivered)
Armour
 b - a +0 leather armour (worn)
 c - a +0 helmet (worn)
Scrolls
 k - a scroll of blinking
 m - a scroll of recharging {unknown}
Potions
 e - 2 potions of blood
 f - a potion of curing
 h - a potion of haste
 i - 2 potions of magic
 j - a potion of berserk rage
 l - a potion of cancellation {unknown}


   Skills:
 + Level 4.1 Fighting
 + Level 9.9 Short Blades
 + Level 3.2 Throwing
 + Level 8.6 Dodging


You had 5 spell levels left.
You didn't know any spells.

Dungeon Overview and Level Annotations

Branches:
Dungeon (1/1)

Altars:
Makhleb
Sif Muna
Vehumet
Xom
Jiyva
Lugonu


Innate Abilities, Weirdness & Mutations

You have razor-sharp teeth.
You have supernaturally acute eyesight. (SInv)
You can survive without breathing.


Message History

You puncture the slime creature! You bite the slime creature.
The slime creature is moderately wounded.
You hit the slime creature.
The slime creature is heavily wounded.
The slime creature hits you!
You hit the slime creature but do no damage.
The slime creature is heavily wounded.
The slime creature closely misses you.
You completely miss the slime creature.
The slime creature is moderately wounded.
You hit the slime creature.
The slime creature is heavily wounded.
The slime creature hits you but does no damage.
You puncture the slime creature! Your bite misses the slime creature.
The slime creature is heavily wounded.
The slime creature hits you!
You hit the slime creature.
The slime creature is severely wounded.
The slime creature hits you!
You die...

###################
#<.#..').#.@JJ.#__#
#..').#..').#..'..+
#..#####'#####'#__#
#..# #..# #(####
#..# #### #.# #..#
#..+ #⌠⌠# ..._#
#### #_.#+# ##+


You could see a slime creature and a jelly.

Vanquished Creatures
  Sigmund (D)
  An ogre (D)
  Ijyb (D)
3 creatures vanquished.

Notes
Turn   | Place    | Note
-------+----------+-------------------------------------------
     0 | D        | Wilfredo the Vampire Gladiator began the quest for the Orb.
     0 | D        | Reached XP level 1. HP: 16/16 MP: 1/1
     2 | D        | Noticed Ijyb
    17 | D        | Killed Ijyb
    17 | D        | Reached skill level 5 in Short Blades
    17 | D        | Reached skill level 5 in Dodging
    17 | D        | Reached XP level 2. HP: 22/23 MP: 2/2
    25 | D        | Noticed an ogre
    34 | D        | Killed an ogre
    34 | D        | Reached skill level 7 in Short Blades
    34 | D        | Reached XP level 3. HP: 29/29 MP: 3/3
    34 | D        | Reached XP level 4. HP: 35/35 MP: 4/4
    38 | D        | Noticed Sigmund
    55 | D        | Killed Sigmund
    55 | D        | Reached skill level 9 in Short Blades
    55 | D        | Reached XP level 5. HP: 16/42 MP: 5/5
    55 | D        | Reached XP level 6. HP: 19/48 MP: 6/6
   261 | D        | Found a burning altar of Makhleb.
   261 | D        | Found a viscous altar of Jiyva.
   261 | D        | Found a shimmering altar of Xom.
   261 | D        | Found a corrupted altar of Lugonu.
   261 | D        | Noticed a slime creature
   267 | D        | Found a deep blue altar of Sif Muna.
   269 | D        | Found a radiant altar of Vehumet.
   288 | D        | Slain by a slime creature

Skill      XL: |  1  2  3  4 |
---------------+-------------+-----
Fighting       | 2 3 4 |  4.1
Short Blades   | 5 7 9 |  9.9
Dodging        | 5 6 8 |  8.6
Throwing       | 2 3 |  3.2

Action                   |  1- 3 |  4- 6 || total
-------------------------+-------+-------++-------
Melee: Rapier            |    18 |    29 ||    47
       Bite              |     1 |     3 ||     4
Throw: Throwing net      |     2 |     1 ||     3
  Use: Potion            |       |     1 ||     1
  Eat: Corpse            |       |     1 ||     1
Armor: Leather armour    |     2 |     1 ||     3
Dodge: Dodged            |     9 |    11 ||    20
